 Dungeon Crawl Stone Soup version 0.32-a0-876-gcfddb08e57 (webtiles) character file.

Game seed: 14254256777487538751

17279 Nyxathid the Skirmisher (level 12, -3/97 HPs)
             Began as a Coglin Hunter on Mar 31, 2024.
             Was a High Priest of Okawaru.
             Slain by a vampire (12 damage)
             ... on level 11 of the Dungeon.
             The game lasted 00:11:57 (10214 turns).

Nyxathid the Skirmisher (Coglin Hunter)            Turns: 10214, Time: 00:11:57

Health: -3/97      AC:  5    Str: 12    XL:     12   Next: 46%
Magic:  16/16      EV: 17    Int:  8    God:    Okawaru [*****.]
Gold:   787        SH:  0    Dex: 23    Spells: 11/11 levels left

rFire   . . .        a - +2 sling (chaos) {Manveen}
rCold   . . .        d - +0 sling {Prasit}
rNeg    . . .        c - +0 troll leather armour
rPois   .            (no helmet)
rElec   .            y - +0 cloak
rCorr   .            l - +0 pair of gloves
SInv    .            (no boots)
Will    .....        (amulet unavailable)
Stlth   +            (ring unavailable)
HPRegen 1.16/turn    (ring unavailable)
MPRegen 0.15/turn    (no gizmo)

%: no passive effects
@: confused, ambrosia-drunk, revving
A: off-hand wielding, slow wielding, warmup strikes, no jewellery
a: Invent Gizmo, Renounce Religion, Heroism, Finesse, Duel


You were on level 11 of the Dungeon.
You worshipped Okawaru.
Okawaru was extremely pleased with you.
You visited 2 branches of the dungeon, and saw 12 of its levels.
You also visited: Ossuary.

You collected 787 gold pieces.

Inventory:

Hand Weapons
 a - a +2 sling of chaos (weapon) {Manveen}
 d - a +0 sling (offhand) {Prasit}
Missiles
 p - 6 curare-tipped darts
 B - 4 throwing nets
Armour
 c - a +0 troll leather armour (worn)
 l - a +0 pair of gloves (worn)
 y - a +0 cloak (worn)
Wands
 i - a wand of iceblast (10)
 v - a wand of digging (5)
 z - a wand of flame (37)
Scrolls
 b - 2 scrolls of butterflies
 f - a scroll of enchant armour
 g - 6 scrolls of immolation
 n - a scroll of identify {@r1}
 t - a scroll of teleportation {@r3}
 w - 2 scrolls of noise
 x - 2 scrolls of brand weapon
Potions
 e - 2 potions of lignification
 h - 2 potions of berserk rage {unknown}
 j - 4 potions of attraction
 k - a potion of haste {unknown}
 m - a potion of brilliance {unknown}
 o - 3 potions of ambrosia
 q - 2 potions of enlightenment
 r - a potion of might {unknown}
 s - a potion of mutation {unknown}
 u - 5 potions of curing {unknown}
Miscellaneous
 V - a condenser vane


   Skills:
 + Level 9.7 Fighting
 * Level 12.8 Ranged Weapons
 + Level 8.9 Dodging
 - Level 0.7 Stealth
 + Level 5.8 Invocations


You had 11 spell levels left.
You didn't know any spells.
Your spell library contained the following spells:

 Spells                   Type           Power      Damage    Failure   Level
 Magic Dart               Conj           0%         1d3       50%         1
 Sandblast                Erth           0%         2d4       50%         1
 Slow                     Hex            0%         N/A       50%         1
 Mercury Vapours          Alch/Air       0%         N/A       63%         2
 Searing Ray              Conj           0%         2d4       63%         2
 Confusing Touch          Hex            0%         N/A       86%         3
 Mephitic Cloud           Conj/Alch/Air  0%         N/A       86%         3
 Stone Arrow              Conj/Erth      0%         3d7       86%         3
 Teleport Other           Tloc           0%         N/A       86%         3
 Vampiric Draining        Necr           0%         2d6       86%         3
 Brom's Barrelling Bould  Conj/Erth      0%         2d3       99%         4
 Fulminant Prism          Conj/Alch      0%         3d5       99%         4
 Freezing Cloud           Conj/Ice/Air   0%         6-21      100%        5
 Dispersal                Tloc           0%         N/A       100%        6
 Gell's Gavotte           Tloc           0%         2d(11-16) 100%        6


Dungeon Overview and Level Annotations

Branches:
Dungeon (11/15)            Temple (1/1) D:6            Lair (0/5) D:9
    Orc (0/2) D:9         Ossuary (visited)

Altars:
Ashenzari
Cheibriados
Dithmenos
Elyvilon
Fedhas
Gozag
Hepliaklqana
Kikubaaqudgha
Makhleb
Nemelex Xobeh
Okawaru
Qazlal
Ru
Sif Muna
Trog
Uskayaw
Vehumet
Wu Jian
Xom
Yredelemnul
Zin
The Shining One


Innate Abilities, Weirdness & Mutations

You can wield a second weapon in your off-hand.
It takes a long time for you to wield or remove held weapons.
Your first few attacks do less damage.
You cannot equip rings or amulets.


Message History

Something bites you but does no damage.
You bump into the rock wall.
You feel less invigorated. Something hits you. Something bites you.
Something draws strength from your injuries!
Something hits you. Something bites you.
Something draws strength from your injuries!
You bump into the rock wall.
Something hits you! Something barely misses you.
You bump into the rock wall.
Something hits you. Something bites you!
* * * LOW HITPOINT WARNING * * *
Something draws strength from your injuries!
Something hits you but does no damage. Something bites you but does no damage.
You are more confused.
You feel invigorated. Something hits you!
* * * LOW HITPOINT WARNING * * *
Something barely misses you.
Unknown command.
You bump into the rock wall.
Something hits you.
* * * LOW HITPOINT WARNING * * *
Something bites you.
* * * LOW HITPOINT WARNING * * *
Something draws strength from your injuries!
Something hits you.
* * * LOW HITPOINT WARNING * * *
Something barely misses you.
Unknown command.
Something hits you.
* * * LOW HITPOINT WARNING * * *
Something bites you!
* * * LOW HITPOINT WARNING * * *
Something draws strength from your injuries!
Unknown command.
You clumsily bash something but do no damage. x2
Something closely misses you. Something bites you!
* * * LOW HITPOINT WARNING * * *
Something draws strength from your injuries!
Something closely misses you. Something bites you.
* * * LOW HITPOINT WARNING * * *
Something draws strength from your injuries!
Something hits you!
You die...

#... ... ....... ...
#..##.# #.# #.. #......
..# .####.. #..##.# #.#
....... #..##.# #.#
....... #..##.# #.#
.......###..##.# #.#
.......@{......# #.#
.####..#######.###.#####
..........##..........
...............###.###.#
................##.###.#
.####...###.##..##......
... ... ...........
.....#. ........... . .
##..##.###.#


There were no monsters in sight!

Vanquished Creatures
  Harold (D:10)
  A hydra (D:8)
  A centaur warrior (D:9)
  3 two-headed ogres
  A tengu warrior (D:8)
  6 trolls
  Grinder (D:5)
  3 hornets
  Prince Ribbit (D:7)
  A slime creature (D:7)
  2 shadows (D:11)
  8 yaks
  2 wyverns
  Eustachio (D:5)
  4 steam dragons
  4 water moccasins
  An acid dragon (D:11)
  2 sky beasts (D:8)
  5 orc warriors
  6 ice beasts
  3 black bears
  5 ogres
  4 centaurs
  2 kobold brigands
  4 elf zombies
  A gnoll sergeant (D:6)
  6 bullfrogs
  13 wights
  An elf skeleton (D:4)
  16 killer bees
  7 howler monkeys
  A bombardier beetle (D:7)
  2 centaur zombies (Ossuary)
  3 hounds
  3 jellies
  3 gnoll boudas
  5 human zombies
  4 orc priests (D:9)
  2 iguanas (D:4)
  13 orc wizards
  Ijyb (D:5)
  A human skeleton (D:4)
  3 sleepcaps
  6 hound zombies (Ossuary)
  2 mummies (Ossuary)
  12 gnolls
  7 adders
  2 white imps (D:6)
  2 ufetubi (D:6)
  5 adder zombies (Ossuary)
  3 dart slugs
  A ribbon worm (D:5)
  27 orcs
  10 endoplasms
  3 giant cockroaches
  5 gnoll zombies (Ossuary)
  4 goblins
  5 hobgoblins
  10 jackals (D:1)
  10 kobolds
  3 quokkas
  8 ball pythons
  6 bats
  A frilled lizard (D:1)
  3 jackal zombies (Ossuary)
  5 kobold zombies (Ossuary)
  An orc skeleton (D:4)
  5 orc zombies (Ossuary)
  5 rats (D:1)
308 creatures vanquished.

Vanquished Creatures (collateral kills)
  A centaur warrior (D:8)
  A two-headed ogre (D:8)
  A manticore (D:8)
  2 yaks
5 creatures vanquished.

Vanquished Creatures (others)
  A two-headed ogre (D:10)
  An unseen horror (D:10)
  A troll (D:10)
  2 orc wizards (D:10)
5 creatures vanquished.

Grand Total: 318 creatures vanquished

Notes
Turn   | Place    | Note
-------+----------+-------------------------------------------
     0 | D:1      | Nyxathid the Coglin Hunter began the quest for the Orb.
     0 | D:1      | Reached XP level 1. HP: 16/16 MP: 1/1
    72 | D:1      | Reached XP level 2. HP: 21/22 MP: 2/2
   143 | D:1      | Reached skill level 4 in Ranged Weapons
   201 | D:1      | Reached XP level 3. HP: 28/28 MP: 3/3
   711 | D:2      | Reached XP level 4. HP: 26/34 MP: 4/4
   829 | D:2      | Found a basalt altar of Yredelemnul.
  1460 | D:3      | Reached XP level 5. HP: 40/40 MP: 5/5
  1709 | D:3      | Found a bloodstained altar of Trog.
  2071 | D:4      | Found a shimmering blue altar of Sif Muna.
  2103 | D:4      | Reached skill level 5 in Ranged Weapons
  2198 | D:4      | Reached XP level 6. HP: 42/47 MP: 6/6
  2319 | D:4      | Found a sand-covered staircase.
  2333 | Ossuary  | Entered an ossuary
  2446 | Ossuary  | Reached XP level 7. HP: 52/53 MP: 7/7
  2461 | Ossuary  | Reached skill level 6 in Ranged Weapons
  2860 | D:4      | Reached XP level 8. HP: 61/61 MP: 8/8
  2957 | D:4      | Reached skill level 7 in Ranged Weapons
  3361 | D:5      | Entered Level 5 of the Dungeon
  3412 | D:5      | Reached skill level 5 in Fighting
  3827 | D:5      | Noticed Ijyb
  3835 | D:5      | Killed Ijyb
  3882 | D:5      | Identified the +1 dagger of Benevolence {flame, MP+9
                  | Stlth+}
  3960 | D:5      | Noticed Eustachio
  3961 | D:5      | Noticed Grinder
  3984 | D:5      | Killed Eustachio
  3985 | D:5      | Reached skill level 5 in Dodging
  3991 | D:5      | Paralysed by Grinder for 3 turns
  3994 | D:5      | Killed Grinder
  3995 | D:5      | Reached skill level 8 in Ranged Weapons
  4378 | D:6      | Reached XP level 9. HP: 58/69 MP: 9/9
  4817 | D:6      | Found an iron altar of Okawaru.
  4822 | D:6      | Became a worshipper of Warmaster Okawaru
  4876 | D:6      | Found a staircase to the Ecumenical Temple.
  4955 | D:6      | Reached skill level 9 in Ranged Weapons
  5187 | Temple   | Entered the Ecumenical Temple
  5336 | D:7      | Reached skill level 1 in Invocations
  5362 | D:7      | Reached * piety under Okawaru
  5592 | D:7      | Reached XP level 10. HP: 73/79 MP: 11/11
  5996 | D:7      | Found a blossoming altar of Fedhas.
  6046 | D:7      | Noticed Prince Ribbit
  6053 | D:7      | Killed Prince Ribbit
  6053 | D:7      | Reached ** piety under Okawaru
  6054 | D:7      | Reached skill level 10 in Ranged Weapons
  6547 | D:8      | Noticed an eight-headed hydra
  6548 | D:8      | Killed a centaur warrior
  6549 | D:8      | Killed a two-headed ogre
  6549 | D:8      | Reached *** piety under Okawaru
  6550 | D:8      | Killed a manticore
  6554 | D:8      | Killed an eight-headed hydra
  6554 | D:8      | Reached **** piety under Okawaru
  6555 | D:8      | Reached skill level 11 in Ranged Weapons
  6555 | D:8      | Reached XP level 11. HP: 86/86 MP: 13/13
  7449 | D:8      | Noticed a two-headed ogre
  7460 | D:8      | Killed a two-headed ogre
  7460 | D:8      | Reached ***** piety under Okawaru
  7604 | D:8      | Noticed a tengu warrior
  7604 | D:8      | Noticed a two-headed ogre
  7618 | D:8      | Killed a tengu warrior
  7624 | D:8      | Killed a two-headed ogre
  8016 | D:9      | Reached skill level 5 in Invocations
  8048 | D:9      | Reached skill level 12 in Ranged Weapons
  8422 | D:9      | Found a staircase to the Lair.
  8453 | D:9      | Noticed a centaur warrior
  8460 | D:9      | Killed a centaur warrior
  8461 | D:9      | Reached XP level 12. HP: 28/95 MP: 15/15
  8571 | D:9      | Found a staircase to the Orcish Mines.
  8718 | D:9      | Received a gift from Okawaru
  8900 | D:10     | Entered Level 10 of the Dungeon
  8962 | D:10     | Noticed Harold
  9046 | D:10     | Killed Harold
  9186 | D:10     | Noticed a two-headed ogre
  9329 | D:10     | Killed a two-headed ogre
  9401 | D:10     | Found a shimmering altar of Xom.
  9401 | D:10     | Noticed a two-headed ogre
  9406 | D:10     | Killed a two-headed ogre
  9647 | D:10     | Found an ornate altar of the Wu Jian Council.
 10214 | D:11     | Slain by a vampire

Illustrated notes

Levels and vault maps discovered:
D:1:      lightli_arrival_isolated_outpost, layout_rooms,
          nicolae_figureground_pulse
D:2:      minmay_chambers_of_ones, layout_loops_ring, basic_altar
D:3:      layout_loops_cross, marbit_many_paths
D:4:      layout_loops_cross, led_sif_pool, nicolae_ossuary_entry_catacombs
D:5:      layout_basic, uniq_grinder, uniq_ijyb, uniq_eustachio
D:6:      layout_rooms, hellmonk_okawaru_the_only_friend_you_need,
          minmay_temple_entry_offerings
D:7:      minmay_chambers_of_fours, layout_cave_pools,
          mainiacjoe_overflow_concentric_impassable, minmay_bent,
          uniq_prince_ribbit1
D:8:      nzn_winding_woodlands_stair_cross [nzn_winding_woodlands_5x15_jagged,
          nzn_winding_woodlands_center_triple_pond,
          nzn_winding_woodlands_5x15_pathside_ponds,
          nzn_winding_woodlands_5x5_perimeter,
          nzn_winding_woodlands_5x5_closed_star,
          nzn_winding_woodlands_5x15_twine, nzn_winding_woodlands_center_lodge,
          nzn_winding_woodlands_5x15_concentric], layout_basic
D:9:      layout_basic, lair_entry_dummy, hiddenorc1_lemuel
D:10:     cheibrodos_helix_gallery, layout_loops_ring, xom_confusion_cloud,
          mainiacjoe_overflow_cross_hatched, uniq_harold
D:11:     layout_basic, guppyfry_shop_venom, uniq_nergalle
Temple:   kb_temple_of_zot

Skill      XL: |  1  2  3  4  5  6  7  8  9 10 11 |
---------------+----------------------------------+-----
Dodging        | 2 3 4 5 6 7 8 |  8.9
Ranged Weapons | 4 5 6 8 9 11 12 | 12.8
Fighting       | 3 4 5 7 8 9 |  9.7
Invocations    | 1 3 5 |  5.8
Stealth        | |  0.7

Action                     |  1- 3 |  4- 6 |  7- 9 | 10-12 || total
---------------------------+-------+-------+-------+-------++-------
  Melee: Sling             |       |       |       |     8 ||     8
   Fire: Sling             |   154 |   306 |   664 |  1026 ||  2150
 Invoke: Heroism           |       |       |       |     1 ||     1
         Finesse           |       |       |       |     1 ||     1
  Evoke: Wand              |       |       |     7 |     7 ||    14
         Condenser vane    |       |       |       |     1 ||     1
    Use: Scroll            |       |       |       |    13 ||    13
         Potion            |       |       |       |     2 ||     2
 Armour: Leather armour    |    21 |    32 |    75 |    14 ||   142
         Troll leather arm |       |       |       |   122 ||   122
  Dodge: Dodged            |    17 |    37 |    77 |   154 ||   285

Table legend: (Time is in decaauts)
 A = Elapsed time spent in this place.
 B = Non-inter-level travel time spent in this place.
 C = Inter-level travel time spent in this place.
 D = Time resting spent in this place.
 E = Time spent auto-exploring this place.
 F = Levels seen in this place.
 G = Mean time per level.
                   A        B        C        D        E       F      G
               +--------+--------+--------+--------+--------+-----+--------+
         Total |  10208 |   9685 |    523 |   1367 |   6745 |  13 |  785.2 |
       Dungeon |   9673 |   9150 |    523 |   1311 |   6475 |  11 |  879.4 |
        Temple |      1 |      1 |      0 |      0 |      0 |   1 |    1.0 |
       Ossuary |    533 |    533 |      0 |     56 |    270 |   1 |  533.0 |
               +--------+--------+--------+--------+--------+-----+--------+

Top non-repeatable levels by time:
     D:8: 1446 daAuts
     D:7: 1203 daAuts
    D:10: 1145 daAuts
     D:5: 1006 daAuts
     D:9: 983 daAuts
     D:4: 965 daAuts
     D:6: 844 daAuts
     D:2: 771 daAuts
     D:3: 676 daAuts
 Ossuary: 533 daAuts
     D:1: 480 daAuts
    D:11: 149 daAuts
  Temple: 1 daAuts
